 Dungeon Crawl Stone Soup version 0.31-a0-1009-g454b1f1e0a (webtiles) character file.

Game seed: 9257777510220085050

37195 ChronoRanger the Warrior (level 13, -20/130 HPs)
             Began as a Minotaur Fighter on Nov 16, 2023.
             Was a High Priest of the Shining One.
             Killed from afar by Jorgrun (47 damage)
             ... with an iron shot
             ... on level 1 of the Orcish Mines.
             The game lasted 00:32:01 (14464 turns).

ChronoRanger the Warrior (Minotaur Fighter)        Turns: 14464, Time: 00:32:02

Health: -20/130    AC: 19    Str: 25    XL:     13   Next: 57%
Magic:  12/12      EV: 13    Int:  8    God:    the Shining One [*****.]
Gold:   1527       SH:  6    Dex: 11    Spells: 12/12 levels left

rFire   . . .        g - +4 trident
rCold   . . .        c - +0 buckler
rNeg    + + .        v - +1 plate armour
rPois   .            E - +2 hat {Int+3}
rElec   .            (no cloak)
rCorr   .            (no gloves)
SInv    .            (no boots)
Will    .....        j - amulet of regeneration Stlth
                     k - +4 ring of slaying
HPRegen 1.21/turn    z - +5 ring of evasion
MPRegen 0.13/turn

%: no passive effects
@: about to teleport, grasped by roots, glowing, constricted, studying Dodging
A: horns 2, retaliatory headbutt
a: Renounce Religion, Divine Shield, Cleansing Flame, Summon Divine Warrior


You were on level 1 of the Orcish Mines.
You worshipped the Shining One.
The Shining One was extremely pleased with you.
You visited 4 branches of the dungeon, and saw 17 of its levels.
You also visited: Sewer and Volcano.

You collected 1527 gold pieces.

Inventory:

Hand Weapons
 g - a +4 trident (weapon)
 F - a +0 demon blade of flaming
Missiles
 B - 2 throwing nets
Armour
 c - a +0 buckler (worn)
 v - a +1 plate armour (worn)
 E - a +2 hat of intelligence (worn)
Jewellery
 f - a ring of see invisible
 j - an amulet of regeneration (around neck)
 k - a +4 ring of slaying (left hand)
 z - a +5 ring of evasion (right hand)
 A - a ring of willpower
 H - an amulet of guardian spirit
Wands
 n - a wand of digging (4)
 p - a wand of polymorph (13)
 G - a wand of mindburst (3)
 I - a wand of quicksilver (2)
 K - a wand of charming (8)
Scrolls
 b - 2 scrolls of amnesia
 e - 2 scrolls of fear
 h - a scroll of immolation
 i - 2 scrolls of enchant weapon
 s - a scroll of identify
 y - 2 scrolls of poison
 C - 2 scrolls of enchant armour
Potions
 a - 4 potions of magic
 d - 4 potions of might
 l - 5 potions of mutation {unknown}
 m - 6 potions of curing
 o - 10 potions of haste
 r - 3 potions of enlightenment
 t - 5 potions of resistance
 u - 2 potions of cancellation
 w - a potion of ambrosia {unknown}
 x - 2 potions of brilliance {unknown}
 D - a potion of degeneration {unknown}


   Skills:
 * Level 16.4 Fighting
 - Level 14.0 Polearms
 + Level 14.1 Armour
 + Level 11.4 Dodging
 - Level 10.0 Shields


You had 12 spell levels left.
You didn't know any spells.
Your spell library contained the following spells:

 Spells                   Type           Power      Damage    Failure   Level
 Apportation              Tloc           0%         N/A       98%         1
 Magic Dart               Conj           0%         1d3       98%         1
 Call Imp                 Summ           0%         N/A       99%         2
 Cigotuvi's Dreadful Rot  Necr/Pois/Air  0%         N/A       99%         2
 Jinxbite                 Hex            0%         N/A       99%         2
 Call Canine Familiar     Summ           0%         N/A       100%        3
 Frozen Ramparts          Ice            0%         1d1       100%        3
 Hailstorm                Conj/Ice       0%         3d3       100%        3
 Ignite Poison            Fire/Tmut/Pois 0%         N/A       100%        3
 Mephitic Cloud           Conj/Pois/Air  0%         N/A       100%        3
 Sigil of Binding         Hex            0%         N/A       100%        3
 Dimensional Bullseye     Hex/Tloc       0%         N/A       100%        4
 Leda's Liquefaction      Hex/Erth       0%         N/A       100%        4
 Summon Ice Beast         Ice/Summ       0%         N/A       100%        4
 Alistair's Intoxication  Tmut/Pois      0%         N/A       100%        5
 Freezing Cloud           Conj/Ice/Air   0%         6-21      100%        5
 Summon Mana Viper        Hex/Summ       0%         N/A       100%        5
 Monstrous Menagerie      Summ           0%         N/A       100%        7
 Infestation              Necr           0%         N/A       100%        8


Dungeon Overview and Level Annotations

Branches:
Dungeon (10/15)            Temple (1/1) D:4            Lair (4/5) D:8
  Swamp (0/4) Lair:3        Snake (0/4) Lair:2          Orc (2/2) D:9
  Sewer (visited)         Volcano (visited)
  Slime: Lair:4-5       Elf: Orc:2

Altars:
Ashenzari
Cheibriados
Dithmenos
Elyvilon
Fedhas
Gozag
Hepliaklqana
Kikubaaqudgha
Makhleb
Nemelex Xobeh
Okawaru
Qazlal
Ru
Sif Muna
Trog
Uskayaw
Vehumet
Wu Jian
Xom
Yredelemnul
Zin
The Shining One

Annotations:
D:4 1 transporter
Orc:1 Jorgrun


Innate Abilities, Weirdness & Mutations

You have a pair of horns on your head.
You reflexively headbutt those who attack you in melee.


Message History

Jorgrun is heavily wounded.
Jorgrun says, "I've ne'er se'n tha particular type o' rock formation 'fore."
Jorgrun closely misses you. The grasping roots constrict you!
You puncture Jorgrun! Your headbutt misses Jorgrun.
Jorgrun is heavily wounded.
You puncture Jorgrun!
Jorgrun is severely wounded.
Jorgrun casts a spell at you. The iron shot hits you!!!
* * * LOW HITPOINT WARNING * * *
The grasping roots constrict you!
* * * LOW HITPOINT WARNING * * *
You puncture Jorgrun!
Jorgrun is almost dead.
Jorgrun gestures at you while chanting.
The iron shot hits you but does no damage.
The grasping roots constrict you!
* * * LOW HITPOINT WARNING * * *
You hit Jorgrun but do no damage. You headbutt Jorgrun.
Jorgrun is almost dead.
You feel much better. Jorgrun hits you with a staff of earth.
* * * LOW HITPOINT WARNING * * *
The grasping roots constrict you!
* * * LOW HITPOINT WARNING * * *
As you read the scroll of teleportation, it crumbles to dust.
You feel strangely unstable. Jorgrun hits you but does no damage.
The grasping roots constrict you.
* * * LOW HITPOINT WARNING * * *
You feel much better. You block Jorgrun's attack.
The grasping roots constrict you!
* * * LOW HITPOINT WARNING * * *
You hit Jorgrun.
Jorgrun is almost dead.
Jorgrun points at you and mumbles some strange words.
You block the iron shot. The grasping roots constrict you!
* * * LOW HITPOINT WARNING * * *
The roots grasp on you weakens, but your attempt to escape fails.
Jorgrun casts a spell at you. The iron shot hits you!!!
You die...

##### ####.#..#..#......#####
###...###.#.##....##....#.#...#
.##....##....#....####..##....###
###....##....##...#.#...###...#.#
....#..#........#...##.###......#
...###...##.....#...####...###...
....#.....#.....#[..# ###.......#
..#....##....#.)[g.####.#.....#.#
###....#.....##)@###.....#....##.
# ##..#......##).##.......######.
#.#....#...#####...#...## ##.
##.....##...# #....#....####..
####...#....# ###..#....#.###.
#..#.......######......##..##.
####...#...###...#.#....##.#.###.
#............#.....#....#.....###
.......)..#..#..#...........#..#.


You could see Jorgrun.

Vanquished Creatures
  Gastronok (Lair:2)
  The ghost of Thargor the Nimble, a journeyman DjFE of Elyvilon (Lair:1)
  A centaur warrior (Volcano)
  2 hydras
  3 two-headed ogres
  A hell knight (Volcano)
  2 skysharks
  A spectral hydra (Lair:1)
  A spectral catoblepas (Lair:1)
  A deep elf zephyrmancer (D:9)
  A guardian serpent (Lair:2)
  3 elephants (Lair:3)
  A black mamba (Lair:3)
  11 cane toads
  3 rime drakes
  7 komodo dragons
  2 yaktaurs (Volcano)
  2 trolls
  3 tyrant leeches (Lair:3)
  18 blink frogs
  3 spectral black mambas (Lair:1)
  A spriggan (D:7)
  34 yaks
  3 wyverns
  A wraith (D:10)
  A vampire (D:9)
  2 shadows
  6 basilisks
  2 steam dragons
  3 vampire mosquitoes (D:8)
  A spectral komodo dragon (Lair:1)
  2 spectral cane toads (Lair:1)
  A swamp worm (Lair:3)
  9 water moccasins
  12 orc warriors
  5 black bears
  A sky beast (D:6)
  3 ice beasts
  9 wolves
  5 ogres
  5 centaurs
  A phantom (D:5)
  5 kobold brigands
  11 bullfrogs
  3 gnoll sergeants
  2 scorpions (D:6)
  9 wights
  A jelly (D:4)
  5 killer bees
  6 howler monkeys
  3 hounds
  7 orc priests
  3 gnoll boudas
  8 iguanas
  14 orc wizards
  Robin (D:5)
  5 adders
  23 gnolls
  11 river rats (Sewer)
  2 ufetubi (D:6)
  2 worms
  7 dart slugs
  52 orcs
  2 endoplasms (D:1)
  4 giant cockroaches
  22 goblins
  6 hobgoblins
  6 jackals
  4 quokkas
  13 ball pythons
  3 bats (D:1)
  8 frilled lizards
  31 kobolds
  26 rats
480 creatures vanquished.

Notes
Turn   | Place    | Note
-------+----------+-------------------------------------------
     0 | D:1      | ChronoRanger the Minotaur Fighter began the quest for the
                  | Orb.
     0 | D:1      | Reached XP level 1. HP: 19/19 MP: 0/0
   344 | D:1      | Reached XP level 2. HP: 27/27 MP: 1/1
   839 | D:2      | Reached XP level 3. HP: 33/33 MP: 2/2
   842 | D:2      | Reached skill level 4 in Fighting
  1711 | D:3      | Found a faded altar of an unknown god.
  1919 | D:3      | Found a glowing silver altar of Zin.
  2254 | D:4      | Found a staircase to the Ecumenical Temple.
  2257 | D:4      | Reached XP level 4. HP: 36/40 MP: 3/3
  2278 | Temple   | Found a transporter.
  2278 | Temple   | Found a transporter.
  2278 | Temple   | Found a transporter.
  2278 | Temple   | Found a transporter.
  2278 | Temple   | Entered the Ecumenical Temple
  2391 | D:4      | Found a stormy altar of Qazlal.
  2514 | D:4      | Noticed an ogre
  2519 | D:4      | Killed an ogre
  2520 | D:4      | Reached XP level 5. HP: 44/47 MP: 4/4
  2630 | D:4      | Reached skill level 5 in Polearms
  2734 | D:4      | Reached skill level 5 in Armour
  2734 | D:4      | Reached XP level 6. HP: 54/55 MP: 5/5
  2750 | D:4      | Found a sparkling altar of Nemelex Xobeh.
  2751 | D:4      | Found a transporter.
  2866 | D:4      | Reached skill level 5 in Fighting
  2866 | D:4      | Reached skill level 5 in Shields
  2957 | D:5      | Entered Level 5 of the Dungeon
  3045 | D:5      | Reached XP level 7. HP: 57/61 MP: 6/6
  3370 | D:5      | Found a glowing golden altar of the Shining One.
  3379 | D:5      | Became a worshipper of the Shining One
  3445 | D:5      | Noticed Robin
  3451 | D:5      | Killed Robin
  3902 | D:6      | Identified the of Zioqot
  3910 | D:6      | Reached skill level 6 in Fighting
  3966 | D:6      | Reached XP level 8. HP: 53/70 MP: 7/7
  4143 | D:6      | Found a glowing drain.
  4147 | Sewer    | Entered a sewer
  4999 | D:6      | Found a broken altar of Ashenzari.
  5037 | D:6      | Reached skill level 7 in Fighting
  5546 | D:7      | Reached * piety under the Shining One
  5554 | D:7      | Reached XP level 9. HP: 79/79 MP: 8/8
  6137 | D:7      | Reached skill level 10 in Polearms
  6227 | D:8      | Reached skill level 8 in Fighting
  6709 | D:7      | Reached XP level 10. HP: 59/90 MP: 9/9
  7010 | D:8      | Found a staircase to the Lair.
  7099 | D:8      | Identified the maw talisman of a Gauntlet {rElec}
  7278 | D:8      | Found a hazy altar of Hepliaklqana.
  7278 | D:8      | Found an ancient bone altar of Kikubaaqudgha.
  7422 | D:8      | Reached ** piety under the Shining One
  7437 | D:8      | Reached skill level 9 in Fighting
  7547 | D:8      | Found a shimmering blue altar of Sif Muna.
  8001 | D:9      | Found a snail-covered altar of Cheibriados.
  8400 | D:9      | Noticed a two-headed ogre
  8512 | D:9      | Found a staircase to the Orcish Mines.
  8521 | D:9      | Reached XP level 11. HP: 99/99 MP: 10/10
  8535 | D:9      | Killed a two-headed ogre
  8536 | D:9      | Reached skill level 10 in Armour
  8591 | D:9      | Reached skill level 10 in Fighting
  8651 | D:9      | Noticed a deep elf zephyrmancer
  8659 | D:9      | Killed a deep elf zephyrmancer
  8660 | D:9      | Reached skill level 10 in Shields
  8838 | D:10     | Entered Level 10 of the Dungeon
  9078 | D:10     | Noticed a two-headed ogre
  9078 | D:10     | Reached *** piety under the Shining One
  9090 | D:10     | Killed a two-headed ogre
  9133 | D:10     | Noticed a two-headed ogre
  9137 | D:10     | Killed a two-headed ogre
  9587 | D:13     | Identified the of Lauz
  9587 | Lair:1   | Entered Level 1 of the Lair of Beasts
  9678 | Lair:1   | Reached skill level 11 in Fighting
  9737 | Lair:1   | Reached skill level 1 in Dodging
  9781 | Lair:1   | Found a runed translucent gate.
  9781 | Lair:1   | Found a runed translucent gate.
 10033 | Lair:1   | Reached skill level 12 in Fighting
 10186 | Lair:1   | Found a runed translucent gate.
 10296 | Lair:1   | Noticed Thargor's ghost (journeyman DjFE)
 10297 | Lair:1   | Reached **** piety under the Shining One
 10326 | Lair:1   | Reached XP level 12. HP: 109/113 MP: 11/11
 10338 | Lair:1   | Killed Thargor's ghost
 10339 | Lair:1   | Reached skill level 5 in Dodging
 10485 | Lair:2   | Noticed Gastronok
 10500 | Lair:2   | Killed Gastronok
 10501 | Lair:2   | Reached skill level 13 in Fighting
 10799 | Lair:2   | Found a staircase to the Snake Pit.
 11113 | Lair:3   | Reached skill level 14 in Fighting
 11167 | Lair:3   | Noticed a six-headed hydra
 11186 | Lair:2   | Killed a six-headed hydra
 11270 | Lair:3   | Found a staircase to the Swamp.
 11543 | Lair:3   | Reached XP level 13. HP: 89/125 MP: 12/12
 11548 | Lair:3   | Reached skill level 15 in Fighting
 11933 | Lair:3   | Reached skill level 10 in Dodging
 12366 | Lair:4   | Reached ***** piety under the Shining One
 12785 | Lair:4   | Found a dark tunnel.
 12800 | Volcano  | Entered a volcano
 12839 | Volcano  | Found a radiant altar of Vehumet.
 12847 | Volcano  | Reached skill level 16 in Fighting
 13753 | Orc:1    | Entered Level 1 of the Orcish Mines
 14286 | Orc:2    | Entered Level 2 of the Orcish Mines
 14304 | Orc:2    | Noticed Jorgrun
 14464 | Orc:1    | Killed from afar by Jorgrun

Illustrated notes

Levels and vault maps discovered:
D:1:      denvon_arrival_planthouse, layout_basic
D:2:      layout_basic, minivault_25, kennysheep_generic_room_9
D:3:      layout_basic, zin_scriptorium, hellmonk_ecumenical_altar_zigzags
D:4:      layout_basic, grunt_qazlal_sundering, grunt_nemelex_the_gamble,
          minmay_temple_entry_statues, uniq_robin
D:5:      layout_gridville, mainiacjoe_overflow_surrounded_room,
          grunt_ministairs_11
D:6:      layout_loops_ring, mainiacjoe_overflow_concentric_impassable,
          mainiacjoe_sewer_entry_somewhere_in_here_2
D:7:      layout_gridville, the_hattery
D:8:      layout_loops_ring, amcnicky_altar_gilded,
          gammafunk_temple_overflow_elements, minmay_lair_entry_grove,
          serial_library_hellmonk_angled_corner, solitary_fountain,
          nicolae_benzene_ring, kennysheep_generic_room_5
D:9:      layout_small_grid, mainiacjoe_overflow_six_doors_small, david_orc_5,
          grunt_ministairs_15, guppyfry_early_elven_hall
D:10:     layout_long_grid, kennysheep_generic_room_11
Temple:   hellmonk_temple_divided_pantheon
Lair:1:   beast_lair_carwin_large_3, layout_regular_city,
          gammafunk_ghost_necromancy
Lair:2:   layout_misc_corridors, minmay_snake_entry_spellcaster,
          serial_bayou_shore_b, uniq_gastronok
Lair:3:   layout_hall_layers, minmay_swamp_entry_worms, gauntlet_entry_generic,
          lemuel_old_faithful, infiniplex_staircase_pool_2, grunt_megastairs_2,
          serial_bayou_shore_b
Lair:4:   layout_layer_cave, nicolae_volcano_entry_lava_flow,
          lemuel_fruit_fields
Orc:1:    layout_diamond_mine
Orc:2:    st_orc_pillars, layout_diamond_mine, basic_altar, uniq_jorgrun

Skill      XL: |  1  2  3  4  5  6  7  8  9 10 11 12 13 |
---------------+----------------------------------------+-----
Polearms       | 3 4 5 6 7 9 11 13 14 | 14.0
Shields        | 4 5 6 7 8 9 10 | 10.0
Armour         | 4 5 6 7 8 9 11 13 14 | 14.1
Fighting       | 4 5 6 7 8 9 12 14 16 | 16.4
Dodging        | 4 9 11 | 11.4

Action                     |  1- 3 |  4- 6 |  7- 9 | 10-12 | 13-15 || total
---------------------------+-------+-------+-------+-------+-------++-------
  Melee: Trident           |    99 |    92 |   390 |   572 |   238 ||  1391
         Headbutt          |     5 |    13 |    54 |   127 |    50 ||   249
    Use: Scroll            |     3 |     1 |    10 |     4 |     4 ||    22
         Potion            |       |       |       |     4 |     2 ||     6
 Armour: Scale mail        |    41 |       |       |       |       ||    41
         Chain mail        |     3 |    45 |    85 |       |       ||   133
         Plate armour      |       |       |   109 |   287 |    82 ||   478
  Dodge: Dodged            |    19 |    23 |    93 |   154 |   121 ||   410
  Block: Buckler           |    16 |    13 |    65 |    87 |    42 ||   223

Table legend: (Time is in decaauts)
 A = Elapsed time spent in this place.
 B = Non-inter-level travel time spent in this place.
 C = Inter-level travel time spent in this place.
 D = Time resting spent in this place.
 E = Time spent auto-exploring this place.
 F = Levels seen in this place.
 G = Mean time per level.
                   A        B        C        D        E       F      G
               +--------+--------+--------+--------+--------+-----+--------+
         Total |  14202 |  13505 |    697 |    641 |   9986 |  19 |  747.5 |
       Dungeon |   8848 |   8346 |    502 |    483 |   6180 |  10 |  884.8 |
        Temple |    106 |     91 |     15 |      0 |     56 |   1 |  106.0 |
          Lair |   3659 |   3509 |    150 |     46 |   2841 |   4 |  914.8 |
  Orcish Mines |    682 |    653 |     29 |    110 |    380 |   2 |  341.0 |
         Sewer |    630 |    630 |      0 |      0 |    390 |   1 |  630.0 |
       Volcano |    275 |    275 |      0 |      2 |    138 |   1 |  275.0 |
               +--------+--------+--------+--------+--------+-----+--------+

Top non-repeatable levels by time:
     D:7: 1436 daAuts
  Lair:4: 1179 daAuts
     D:8: 1012 daAuts
     D:9: 973 daAuts
  Lair:3: 970 daAuts
     D:5: 945 daAuts
     D:6: 913 daAuts
     D:2: 876 daAuts
     D:1: 824 daAuts
  Lair:1: 763 daAuts
  Lair:2: 746 daAuts
    D:10: 693 daAuts
   Orc:1: 667 daAuts
   Sewer: 630 daAuts
     D:4: 607 daAuts
